Bruins vs Ducks

Created - 15 novembre 2017 at 15:55

Goals
1 2 3 OT1 T
Bruins 0 1 3 0 4
Ducks 0 1 3 1 5
Shots
1 2 3 OT1 T
Bruins 11 10 19 3 43
Ducks 8 7 13 2 30

1st period

No Goal

Penalties :
Brad Marchand (BOS) for Hooking (Minor) at 1:26, Craig Weller (ANA) for Holding (Minor) at 11:33, Ryane Clowe (ANA) for Interference (Minor) at 17:41

2nd period

1. Ducks , Ryan Johansen 9 (Charles Linglet 8, Christopher Tanev 6) at 8:10
2. Bruins , Dmitri Kalinin 1 (Scott Gomez 6, Alex Goligoski 5) at 19:12

Penalties :
Petteri Wirtanen (ANA) for Goalie Interference (Minor) at 14:50, Brooks Laich (ANA) for Hooking (Minor) at 19:19

3rd period

3. Bruins , Phil Kessel 4 (Dion Phaneuf 7, Kyle Turris 3) at 6:59
4. Ducks , Jiri Hudler 2 (Mike Richards 11, Christopher Tanev 7) at 9:00
5. Ducks , Brooks Laich 2 (Mike Richards 12, Jiri Hudler 2) at 12:08
6. Bruins , Phil Kessel 5 (Ryan McDonagh 10, Kyle Turris 4) at 16:28
7. Bruins , Brad Marchand 7 (Tyler Seguin 7, Dion Phaneuf 8) at 17:02
8. Ducks , Adam Taylor 4 (Justin Braun 6, Dan Girardi 3) at 17:20

Penalties :
Tuukka Rask (BOS) for Slashing (Minor) at 2:03 - Cody Franson served the penalty.

Overtime #1

9. Ducks , Ryan Johansen 10 (Christopher Tanev 8, Bill Thomas 4) at 1:20

Penalties :
No Penalty

Goalie Stats

Tuukka Rask (BOS), 25 saves from 30 shots - (0,833), OTL, 12-2-3, 61:21 minutes
Jonathan Boutin (ANA), 39 saves from 43 shots - (0,907), W, 7-4-1, 61:21 minutes

Players Stats for Bruins

Player Name              G  A  P  +/- PIM S  H  SB GA TA FO     MP     PP MP  PK MP  
------------------------------------------------------------------------------------
Alex Goligoski           0  1  1   0  0   2  0  3  0  0  0/0    16:59   3:22   1:48 
Brad Marchand            1  0  1  -1  2   5  4  0  0  0  3/4    22:56   3:43   1:10 
Brent Burns              0  0  0   1  0   6  0  1  0  0  0/0    29:34   5:10   2:15 
Charlie Coyle            0  0  0   0  0   2  1  0  0  0  3/5     7:09   0:00   0:00 
Cody Franson             0  0  0  -2  0   2  5  3  0  0  0/0    20:24   4:26   0:54 
Dale Weise               0  0  0  -1  0   0  5  0  0  0  0/1    12:50   4:13   1:15 
Dion Phaneuf             0  2  2   2  0   3  6  3  0  0  0/0    20:40   0:41   0:49 
Dmitri Kalinin           1  0  1   0  0   1  0  1  0  0  0/0    12:11   0:08   0:00 
Filip Forsberg           0  0  0  -1  0   0  0  0  0  0  3/11    7:22   0:00   0:00 
Jeff Tambellini          0  0  0   0  0   0  0  0  0  0  0/1     7:09   0:00   0:00 
John Tavares             0  0  0   0  0   4  0  0  0  0  14/27  21:15   3:43   0:00 
Kyle Turris              0  2  2   0  0   2  3  0  0  0  14/30  21:05   4:13   0:00 
Phil Kessel              2  0  2   1  0   5  0  0  0  0  0/2    21:11   2:59   2:09 
Rickard Rakell           0  0  0  -1  0   3  1  0  0  0  1/2     8:04   0:08   0:34 
Ryan McDonagh            0  1  1  -2  0   1  2  0  0  0  0/0    22:55   2:49   2:10 
Ryan O'Marra             0  0  0   0  0   0  1  0  0  0  0/2     8:25   0:00   1:16 
Scott Gomez              0  1  1   1  0   4  1  1  0  0  3/5    22:23   4:05   1:32 
Tyler Seguin             0  1  1   0  0   3  1  0  0  0  1/2    17:32   0:00   0:00 

Players Stats for Ducks

Player Name              G  A  P  +/- PIM S  H  SB GA TA FO     MP     PP MP  PK MP  
------------------------------------------------------------------------------------
Adam Taylor              1  0  1   1  0   1  5  0  0  0  0/0    17:03   0:00   0:00 
Alexandre R. Picard      0  0  0  -1  0   3  0  0  0  0  0/0    15:47   2:16   0:00 
Bill Thomas              0  1  1   0  0   1  0  0  0  0  0/0     6:17   0:00   0:00 
Brooks Laich             1  0  1   1  2   2  0  0  0  0  0/2    15:32   0:00   1:40 
Charles Linglet          0  1  1   1  0   0  2  1  0  0  1/3    21:17   2:08   2:06 
Christopher Tanev        0  3  3   1  0   2  2  2  0  0  0/0    21:29   0:00   4:33 
Craig Weller             0  0  0  -1  2   0  6  1  0  0  0/0    15:46   2:16   0:00 
Dan Girardi              0  1  1   1  0   0  2  5  0  0  0/0    21:40   0:00   3:23 
Jiri Hudler              1  1  2   1  0   4  0  0  0  0  3/9    19:16   0:00   5:23 
Justin Braun             0  1  1   1  0   1  1  5  0  0  0/0    25:15   1:42   4:33 
Marcus Johansson         0  0  0  -1  0   0  0  0  0  0  1/2    13:15   1:50   0:00 
Mike Richards            0  2  2   1  0   2  2  0  0  0  11/24  16:39   2:08   0:00 
Nick Spaling             0  0  0  -1  0   0  4  0  0  0  3/5    12:18   0:00   5:50 
Nicklas Bergfors         0  0  0  -1  0   1  0  0  0  0  0/1     5:45   0:00   0:00 
Petteri Wirtanen         0  0  0  -1  2   5  1  0  0  0  14/16  13:14   1:50   0:00 
Raphael Diaz             0  0  0   0  0   0  0  3  0  0  0/0    21:23   1:42   3:23 
Ryan Johansen            2  0  2   2  0   5  0  0  0  0  16/27  20:00   2:08   0:00 
Ryane Clowe              0  0  0  -1  2   3  1  0  0  0  1/3    14:07   1:50   0:53 

3 Stars

1 - Ryan Johansen (ANA)
2 - Dion Phaneuf (BOS)
3 - Christopher Tanev (ANA)

Power Play

Bruins - 0 on 4 Attempt(s) - 0,00%
Ducks - 0 on 2 Attempt(s) - 0,00%

Penalty Kill

Bruins - 2 on 2 Attempt(s) - 100,00% - Score 0 goal in Penalty Kill
Ducks - 4 on 4 Attempt(s) - 100,00% - Score 0 goal in Penalty Kill

Team Stat

Bruins - Hits : 30 - Faceoff Wins : 42 - Blocked Shots : 12 - Penalty Minutes : 4
Ducks - Hits : 26 - Faceoff Wins : 50 - Blocked Shots : 17 - Penalty Minutes : 8

Official

Referees : Olivier Gouin and Jacob Brenk
Linesman : Brad Lazarowich and Brent Hooks

Game Notes

No Game Note

Finance

Level 1 -- Attendance: 6000 (100,00%) -- Ticket Income 660 000 $
Level 2 -- Attendance: 5000 (100,00%) -- Ticket Income 375 000 $
Level 3 -- Attendance: 1563 (78,15%) -- Ticket Income 90 654 $
Level 4 -- Attendance: 4000 (100,00%) -- Ticket Income 120 000 $
Luxury Box -- Attendance: 1000 (100,00%) -- Ticket Income 280 000 $
Game was played at the The Arrowhead Pond of Anaheim.
Total Attendance: 17563 (97,57%)
Total Ticket Income: 1 525 654 $
Other Income: 747 570 $
Total Income: 2 273 224 $

Bruins

5 vs 5 Forward 
   Center                   Left Wing                Right Wing               Time % Phy DF OF 
 1 Kyle Turris              Scott Gomez              Phil Kessel              37     1   2  2  
 2 John Tavares             Brad Marchand            Tyler Seguin             36     1   2  2  
 3 Filip Forsberg           Rickard Rakell           Dale Weise               17     1   2  2  
 4 Charlie Coyle            Jeff Tambellini          Ryan O'Marra             10     1   2  2  

5 vs 5 Defense 
   Defense                  Defense                                           Time % Phy DF OF 
 1 Brent Burns              Dion Phaneuf                                      40     1   2  2  
 2 Ryan McDonagh            Cody Franson                                      30     1   2  2  
 3 Dmitri Kalinin           Alex Goligoski                                    20     1   2  2  
 4 Brent Burns              Ryan McDonagh                                     10     1   2  2  

PowerPlay Forward 
   Center                   Left Wing                Right Wing               Time % Phy DF OF 
 1 Kyle Turris              Scott Gomez              Dale Weise               60     1   2  2  
 2 John Tavares             Brad Marchand            Phil Kessel              40     1   2  2  

PowerPlay Defense
   Defense                  Defense                                           Time % Phy DF OF 
 1 Brent Burns              Cody Franson                                      60     1   2  2  
 2 Ryan McDonagh            Alex Goligoski                                    40     1   2  2  

Penalty Kill 4 Players Forward 
   Center                   Wing                     Time % Phy DF OF 
 1 Brad Marchand            Phil Kessel              60     1   2  2  
 2 Scott Gomez              Dale Weise               40     1   2  2  

Penalty Kill 4 Players Defense
   Defense                  Defense                  Time % Phy DF OF 
 1 Alex Goligoski           Brent Burns              60     1   2  2  
 2 Ryan McDonagh            Cody Franson             40     1   2  2  

Penalty Kill - 3 Players Forward 
   Forward                                           Time % Phy DF OF 
 1 Kyle Turris                                       60     1   2  2  
 2 Scott Gomez                                       40     1   2  2  

Penalty Kill - 3 Players Defense
   Defense                  Defense                  Time % Phy DF OF 
 1 Brent Burns              Alex Goligoski           60     1   2  2  
 2 Ryan McDonagh            Cody Franson             40     1   2  2  

4 vs 4 Forward 
   Center                   Wing                     Time % Phy DF OF 
 1 John Tavares             Phil Kessel              60     1   2  2  
 2 Scott Gomez              Brad Marchand            40     1   2  2  

4 vs 4 Defense
   Defense                  Defense                  Time % Phy DF OF 
 1 Cody Franson             Alex Goligoski           60     1   2  2  
 2 Ryan McDonagh            Brent Burns              40     1   2  2  

Last Minutes Offensive
   Center                   Left Wing                Right Wing               Defense                  Defense                  
   John Tavares             Phil Kessel              Scott Gomez              Brent Burns              Alex Goligoski           

Last Minutes Defensive
   Center                   Left Wing                Right Wing               Defense                  Defense                  
   Kyle Turris              Scott Gomez              Brad Marchand            Ryan McDonagh            Dion Phaneuf             

Goaltenders
Starting : Tuukka Rask              
Backup : Dany Sabourin            

Extra Forwards
Normal : Brent Burns, Phil Kessel, Brad Marchand - PP : Kyle Turris, Brent Burns - PK : Brad Marchand
Extra Defensemen
Normal : Ryan McDonagh, Cody Franson, Brent Burns - PP : Ryan McDonagh - PK : Ryan McDonagh, Brent Burns
Penalty Shots
John Tavares, Phil Kessel, Brent Burns, Scott Gomez, Brad Marchand
Custom OT Lines Forwards
Kyle Turris, Brent Burns, Scott Gomez, Brad Marchand, John Tavares, Filip Forsberg, Phil Kessel, Rickard Rakell, Dale Weise, Charlie Coyle
Custom OT Lines Defensemen
Brent Burns, Dion Phaneuf, Ryan McDonagh, Cody Franson, Alex Goligoski

Scratches
Travis Moen (Healthy), Tommy Cross (Healthy), Marc Cheverie (Healthy)

Ducks

5 vs 5 Forward 
   Center                   Left Wing                Right Wing               Time % Phy DF OF 
 1 Ryan Johansen            Charles Linglet          Adam Taylor              38     0   3  2  
 2 Mike Richards            Brooks Laich             Jiri Hudler              32     0   3  2  
 3 Petteri Wirtanen         Marcus Johansson         Ryane Clowe              22     0   3  2  
 4 Nick Spaling             Nicklas Bergfors         Bill Thomas              8      0   4  1  

5 vs 5 Defense 
   Defense                  Defense                                           Time % Phy DF OF 
 1 Raphael Diaz             Christopher Tanev                                 36     0   3  2  
 2 Dan Girardi              Justin Braun                                      36     0   3  2  
 3 Craig Weller             Alexandre R. Picard                               28     0   4  1  
 4 Justin Braun             Craig Weller                                      0      0   3  2  

PowerPlay Forward 
   Center                   Left Wing                Right Wing               Time % Phy DF OF 
 1 Mike Richards            Charles Linglet          Ryan Johansen            55     0   0  5  
 2 Petteri Wirtanen         Ryane Clowe              Marcus Johansson         45     0   0  5  

PowerPlay Defense
   Defense                  Defense                                           Time % Phy DF OF 
 1 Alexandre R. Picard      Craig Weller                                      55     0   0  5  
 2 Raphael Diaz             Justin Braun                                      45     0   0  5  

Penalty Kill 4 Players Forward 
   Center                   Wing                     Time % Phy DF OF 
 1 Jiri Hudler              Nick Spaling             60     0   5  0  
 2 Brooks Laich             Charles Linglet          40     0   5  0  

Penalty Kill 4 Players Defense
   Defense                  Defense                  Time % Phy DF OF 
 1 Christopher Tanev        Justin Braun             60     0   5  0  
 2 Dan Girardi              Raphael Diaz             40     0   5  0  

Penalty Kill - 3 Players Forward 
   Forward                                           Time % Phy DF OF 
 1 Jiri Hudler                                       60     0   5  0  
 2 Nick Spaling                                      40     0   5  0  

Penalty Kill - 3 Players Defense
   Defense                  Defense                  Time % Phy DF OF 
 1 Justin Braun             Christopher Tanev        60     0   5  0  
 2 Dan Girardi              Raphael Diaz             40     0   5  0  

4 vs 4 Forward 
   Center                   Wing                     Time % Phy DF OF 
 1 Ryan Johansen            Nick Spaling             55     0   4  1  
 2 Mike Richards            Bill Thomas              45     0   4  1  

4 vs 4 Defense
   Defense                  Defense                  Time % Phy DF OF 
 1 Christopher Tanev        Justin Braun             55     0   4  1  
 2 Dan Girardi              Raphael Diaz             45     0   4  1  

Last Minutes Offensive
   Center                   Left Wing                Right Wing               Defense                  Defense                  
   Petteri Wirtanen         Mike Richards            Ryan Johansen            Alexandre R. Picard      Raphael Diaz             

Last Minutes Defensive
   Center                   Left Wing                Right Wing               Defense                  Defense                  
   Nick Spaling             Mike Richards            Craig Weller             Dan Girardi              Christopher Tanev        

Goaltenders
Starting : Jonathan Boutin          
Backup : Andrei Vasilevsky        

Extra Forwards
Normal : Adam Taylor, Ryan Johansen, Ryane Clowe - PP : Ryan Johansen, Ryane Clowe - PK : Ryane Clowe
Extra Defensemen
Normal : Justin Braun, Christopher Tanev, Craig Weller - PP : Craig Weller - PK : Dan Girardi, Justin Braun
Penalty Shots
Mike Richards, Ryan Johansen, Adam Taylor, Jiri Hudler, Petteri Wirtanen
Custom OT Lines Forwards
Ryan Johansen, Nick Spaling, Mike Richards, Bill Thomas, Petteri Wirtanen, Adam Taylor, Ryane Clowe, Craig Weller, Charles Linglet, Nicklas Bergfors
Custom OT Lines Defensemen
Justin Braun, Christopher Tanev, Raphael Diaz, Dan Girardi, Alexandre R. Picard

Scratches
Brady Murray (Healthy), Bryan Allen (Healthy), Michael Mersch (Healthy)

% Time on Ice - Bruins

Lines # - Real PCT - Wanted PCT - Time Play
Normal Forward
1 - 33% - 37% - 16:03
2 - 36% - 36% - 17:32
3 - 15% - 17% - 7:22
4 - 15% - 10% - 7:09
Normal Defense
1 - 39% - 40% - 18:50
2 - 31% - 30% - 15:04
3 - 25% - 20% - 12:03
4 - 4% - 10% - 2:09
PP Forward
1 - 53% - 60% - 4:13
2 - 47% - 40% - 3:43
PP Defense
1 - 58% - 60% - 4:34
2 - 42% - 40% - 3:22
PK Forward
1 - 68% - 60% - 2:43
2 - 32% - 40% - 1:15
PK Defense
1 - 45% - 60% - 1:48
2 - 55% - 40% - 2:10
PK3 Forward
1 - 0% - 60%
2 - 0% - 40%
PK3 Defense
1 - 0% - 60%
2 - 0% - 40%
44 Forward
1 - 0% - 60%
2 - 0% - 40%
44 Defense
1 - 0% - 60%
2 - 0% - 40%
Last Minute Offensive  - 0:00
Last Minute Defensive  - 0:00
Total
Forward - 60:00
Defense - 60:00

% Time on Ice - Ducks

Lines # - Real PCT - Wanted PCT - Time Play
Normal Forward
1 - 35% - 38% - 17:03
2 - 29% - 32% - 13:53
3 - 24% - 22% - 11:25
4 - 12% - 8% - 5:45
Normal Defense
1 - 34% - 36% - 16:18
2 - 38% - 36% - 18:17
3 - 28% - 28% - 13:31
4 - 0% - 0% - 0:00
PP Forward
1 - 54% - 55% - 2:08
2 - 46% - 45% - 1:50
PP Defense
1 - 57% - 55% - 2:16
2 - 43% - 45% - 1:42
PK Forward
1 - 74% - 60% - 5:50
2 - 26% - 40% - 2:06
PK Defense
1 - 57% - 60% - 4:33
2 - 43% - 40% - 3:23
PK3 Forward
1 - 0% - 60%
2 - 0% - 40%
PK3 Defense
1 - 0% - 60%
2 - 0% - 40%
44 Forward
1 - 0% - 55%
2 - 0% - 45%
44 Defense
1 - 0% - 55%
2 - 0% - 45%
Last Minute Offensive  - 0:00
Last Minute Defensive  - 0:00
Total
Forward - 60:00
Defense - 60:00

Play by Play

1st period


0:01 of 1st period - Ryan Johansen wins face-off versus Kyle Turris in neutral zone.
0:07 of 1st period - Phil Kessel is hit by Adam Taylor and loses puck.
0:45 of 1st period - Scott Gomez is hit by Charles Linglet and loses puck.
1:19 of 1st period - Off-side.
1:20 of 1st period - Ryane Clowe wins face-off versus John Tavares in neutral zone.
1:24 of 1st period - Craig Weller is hit by Brad Marchand and loses puck.
1:26 of 1st period - Minor Penalty to Brad Marchand for Hooking.
1:27 of 1st period - Petteri Wirtanen wins face-off versus Ryan O'Marra in Bruins zone.
1:32 of 1st period - Shot by Petteri Wirtanen.
1:32 of 1st period - Stopped by Tuukka Rask with a rebound.
1:34 of 1st period - Shot by Ryane Clowe.
1:34 of 1st period - Stopped by Tuukka Rask without a rebound.
1:35 of 1st period - Mike Richards wins face-off versus Ryan O'Marra in Bruins zone.
1:42 of 1st period - Shot by Charles Linglet.
1:42 of 1st period - Shot Misses the Net.
1:44 of 1st period - Shot by Ryan Johansen.
1:44 of 1st period - Stopped by Tuukka Rask without a rebound.
1:45 of 1st period - Petteri Wirtanen wins face-off versus Scott Gomez in Bruins zone.
1:50 of 1st period - Shot by Ryane Clowe.
1:50 of 1st period - Deflect By Petteri Wirtanen.
1:50 of 1st period - Shot Misses the Net.
1:52 of 1st period - Shot by Justin Braun.
1:52 of 1st period - Shot Misses the Net.
1:54 of 1st period - Shot by Justin Braun.
1:54 of 1st period - Stopped by Tuukka Rask without a rebound.
1:55 of 1st period - Mike Richards wins face-off versus Scott Gomez in Bruins zone.
1:56 of 1st period - Shot by Craig Weller.
1:56 of 1st period - Shot Blocked by Alex Goligoski.
1:58 of 1st period - Shot by Charles Linglet.
1:58 of 1st period - Shot Blocked by Brent Burns.
2:35 of 1st period - Alexandre R. Picard is hit by Rickard Rakell and loses puck.
3:07 of 1st period - Brent Burns is hit by Petteri Wirtanen and loses puck.
3:24 of 1st period - Shot by Ryane Clowe.
3:24 of 1st period - Shot Blocked by Alex Goligoski.
3:26 of 1st period - Shot by Marcus Johansson.
3:26 of 1st period - Shot Misses the Net.
3:36 of 1st period - Shot by Brad Marchand.
3:36 of 1st period - Shot Misses the Net.
3:38 of 1st period - Shot by Cody Franson.
3:38 of 1st period - Shot Misses the Net.
4:25 of 1st period - Shot by Jiri Hudler.
4:25 of 1st period - Stopped by Tuukka Rask without a rebound.
4:26 of 1st period - Filip Forsberg wins face-off versus Ryan Johansen in Bruins zone.
4:37 of 1st period - Shot by Filip Forsberg.
4:37 of 1st period - Shot Misses the Net.
5:42 of 1st period - Icing by Petteri Wirtanen.
5:43 of 1st period - Petteri Wirtanen wins face-off versus John Tavares in Ducks zone.
5:50 of 1st period - Shot by Ryane Clowe.
5:50 of 1st period - Shot Misses the Net.
5:53 of 1st period - Icing by Cody Franson.
5:54 of 1st period - Mike Richards wins face-off versus John Tavares in Bruins zone.
6:13 of 1st period - Brooks Laich is hit by Brad Marchand and loses puck.
6:24 of 1st period - Shot by Tyler Seguin.
6:24 of 1st period - Stopped by Jonathan Boutin without a rebound.
6:25 of 1st period - Ryan Johansen wins face-off versus Kyle Turris in Ducks zone.
6:25 of 1st period - Ryan Johansen is hit by Kyle Turris.
6:49 of 1st period - Icing by Craig Weller.
6:50 of 1st period - John Tavares wins face-off versus Ryan Johansen in Ducks zone.
6:53 of 1st period - Shot by Brad Marchand.
6:53 of 1st period - Stopped by Jonathan Boutin without a rebound.
6:54 of 1st period - John Tavares wins face-off versus Mike Richards in Ducks zone.
7:40 of 1st period - Shot by John Tavares.
7:40 of 1st period - Deflect By Brad Marchand.
7:40 of 1st period - Shot Misses the Net.
9:09 of 1st period - Icing by Phil Kessel.
9:10 of 1st period - Nick Spaling wins face-off versus Kyle Turris in Bruins zone.
9:19 of 1st period - Shot by Bill Thomas.
9:19 of 1st period - Stopped by Tuukka Rask without a rebound.
9:20 of 1st period - Nick Spaling wins face-off versus John Tavares in Bruins zone.
9:20 of 1st period - Nick Spaling is hit by Dion Phaneuf.
9:24 of 1st period - Shot by Alexandre R. Picard.
9:24 of 1st period - Deflect By Bill Thomas.
9:24 of 1st period - Shot Misses the Net.
9:30 of 1st period - Shot by Nicklas Bergfors.
9:30 of 1st period - Stopped by Tuukka Rask without a rebound.
9:31 of 1st period - Ryan Johansen wins face-off versus Jeff Tambellini in Bruins zone.
9:31 of 1st period - Raphael Diaz is hit by Cody Franson and loses puck.
10:38 of 1st period - Shot by Jiri Hudler.
10:38 of 1st period - Shot Blocked by Dion Phaneuf.
11:33 of 1st period - Minor Penalty to Craig Weller for Holding.
11:34 of 1st period - Jiri Hudler wins face-off versus Kyle Turris in Ducks zone.
11:43 of 1st period - Dan Girardi is hit by Dale Weise and loses puck.
11:52 of 1st period - Shot by Alex Goligoski.
11:52 of 1st period - Shot Misses the Net.
11:54 of 1st period - Shot by Scott Gomez.
11:54 of 1st period - Shot Blocked by Raphael Diaz.
12:10 of 1st period - Shot by Alex Goligoski.
12:10 of 1st period - Shot Blocked by Justin Braun.
12:12 of 1st period - Shot by Ryan McDonagh.
12:12 of 1st period - Stopped by Jonathan Boutin without a rebound.
12:13 of 1st period - John Tavares wins face-off versus Brooks Laich in Ducks zone.
12:19 of 1st period - Shot by Brent Burns.
12:19 of 1st period - Stopped by Jonathan Boutin without a rebound.
12:20 of 1st period - John Tavares wins face-off versus Jiri Hudler in Ducks zone.
12:21 of 1st period - Shot by Cody Franson.
12:21 of 1st period - Shot Misses the Net.
12:23 of 1st period - Shot by Brad Marchand.
12:23 of 1st period - Shot Misses the Net.
12:37 of 1st period - Shot by Phil Kessel.
12:37 of 1st period - Stopped by Jonathan Boutin without a rebound.
12:38 of 1st period - Kyle Turris wins face-off versus Brooks Laich in Ducks zone.
12:39 of 1st period - Shot by Brent Burns.
12:39 of 1st period - Shot Blocked by Dan Girardi.
12:41 of 1st period - Shot by Dale Weise.
12:41 of 1st period - Shot Blocked by Dan Girardi.
12:43 of 1st period - Shot by Cody Franson.
12:43 of 1st period - Shot Blocked by Charles Linglet.
13:09 of 1st period - Shot by Dale Weise.
13:09 of 1st period - Shot Misses the Net.
13:11 of 1st period - Shot by Cody Franson.
13:11 of 1st period - Stopped by Jonathan Boutin with a rebound.
13:13 of 1st period - Shot by Kyle Turris.
13:13 of 1st period - Stopped by Jonathan Boutin with a rebound.
13:15 of 1st period - Shot by Cody Franson.
13:15 of 1st period - Shot Misses the Net.
14:05 of 1st period - Shot by Petteri Wirtanen.
14:05 of 1st period - Shot Misses the Net.
14:10 of 1st period - Dmitri Kalinin is hit by Craig Weller and loses puck.
14:16 of 1st period - Icing by Alexandre R. Picard.
14:17 of 1st period - John Tavares wins face-off versus Petteri Wirtanen in Ducks zone.
14:17 of 1st period - John Tavares is hit by Craig Weller.
14:25 of 1st period - Shot by John Tavares.
14:25 of 1st period - Stopped by Jonathan Boutin without a rebound.
14:26 of 1st period - Kyle Turris wins face-off versus Ryan Johansen in Ducks zone.
14:34 of 1st period - Off-side.
14:35 of 1st period - Kyle Turris wins face-off versus Ryan Johansen in neutral zone.
14:41 of 1st period - Icing by Justin Braun.
14:42 of 1st period - Ryan Johansen wins face-off versus Kyle Turris in Ducks zone.
14:58 of 1st period - Icing by Dan Girardi.
14:59 of 1st period - John Tavares wins face-off versus Ryan Johansen in Ducks zone.
15:01 of 1st period - Brad Marchand is hit by Dan Girardi and loses puck.
15:16 of 1st period - Brad Marchand is hit by Adam Taylor and loses puck.
15:50 of 1st period - Off-side.
15:51 of 1st period - Kyle Turris wins face-off versus Mike Richards in neutral zone.
16:08 of 1st period - Shot by Phil Kessel.
16:08 of 1st period - Shot Misses the Net.
16:19 of 1st period - Scott Gomez is hit by Mike Richards and loses puck.
16:58 of 1st period - Shot by Craig Weller.
16:58 of 1st period - Shot Misses the Net.
17:00 of 1st period - Shot by Ryane Clowe.
17:00 of 1st period - Shot Misses the Net.
17:02 of 1st period - Shot by Ryane Clowe.
17:02 of 1st period - Stopped by Tuukka Rask without a rebound.
17:03 of 1st period - Ryan Johansen wins face-off versus John Tavares in Bruins zone.
17:05 of 1st period - Adam Taylor is hit by Cody Franson and loses puck.
17:20 of 1st period - Shot by Tyler Seguin.
17:20 of 1st period - Deflect By John Tavares.
17:20 of 1st period - Shot Blocked by Dan Girardi.
17:22 of 1st period - Shot by Brad Marchand.
17:22 of 1st period - Stopped by Jonathan Boutin without a rebound.
17:23 of 1st period - Petteri Wirtanen wins face-off versus Filip Forsberg in Ducks zone.
17:30 of 1st period - Shot by Marcus Johansson.
17:30 of 1st period - Shot Misses the Net.
17:41 of 1st period - Minor Penalty to Ryane Clowe for Interference.
17:42 of 1st period - John Tavares wins face-off versus Jiri Hudler in Ducks zone.
17:45 of 1st period - Shot by Brad Marchand.
17:45 of 1st period - Shot Misses the Net.
18:22 of 1st period - Icing by Brent Burns.
18:23 of 1st period - Jiri Hudler wins face-off versus Phil Kessel in Bruins zone.
19:09 of 1st period - Raphael Diaz is hit by Dale Weise and loses puck.
19:18 of 1st period - Shot by Kyle Turris.
19:18 of 1st period - Stopped by Jonathan Boutin without a rebound.
19:19 of 1st period - John Tavares wins face-off versus Jiri Hudler in Ducks zone.
19:42 of 1st period - Shot by Phil Kessel.
19:42 of 1st period - Stopped by Jonathan Boutin without a rebound.
19:43 of 1st period - Charlie Coyle wins face-off versus Ryane Clowe in Ducks zone.
Goals for this period are 0 for Bruins vs 0 for Ducks.
Shots for this period are 11 for Bruins vs 8 for Ducks.

2nd period


0:01 of 2nd period - Ryan Johansen wins face-off versus Kyle Turris in neutral zone.
0:28 of 2nd period - Icing by Brent Burns.
0:29 of 2nd period - Kyle Turris wins face-off versus Mike Richards in Bruins zone.
0:54 of 2nd period - Shot by Phil Kessel.
0:54 of 2nd period - Shot Misses the Net.
1:21 of 2nd period - Shot by Tyler Seguin.
1:21 of 2nd period - Shot Blocked by Justin Braun.
1:23 of 2nd period - Shot by Tyler Seguin.
1:23 of 2nd period - Shot Blocked by Justin Braun.
1:25 of 2nd period - Shot by Tyler Seguin.
1:25 of 2nd period - Stopped by Jonathan Boutin with a rebound.
1:27 of 2nd period - Shot by Ryan McDonagh.
1:27 of 2nd period - Shot Blocked by Dan Girardi.
1:29 of 2nd period - Shot by Cody Franson.
1:29 of 2nd period - Stopped by Jonathan Boutin without a rebound.
1:30 of 2nd period - Ryan Johansen wins face-off versus Dale Weise in Ducks zone.
1:47 of 2nd period - Icing by Raphael Diaz.
1:48 of 2nd period - Ryan Johansen wins face-off versus Charlie Coyle in Ducks zone.
2:59 of 2nd period - Shot by Petteri Wirtanen.
2:59 of 2nd period - Shot Misses the Net.
3:11 of 2nd period - Shot by Petteri Wirtanen.
3:11 of 2nd period - Stopped by Tuukka Rask without a rebound.
3:12 of 2nd period - Mike Richards wins face-off versus Kyle Turris in Bruins zone.
3:19 of 2nd period - Shot by Mike Richards.
3:19 of 2nd period - Shot Misses the Net.
3:21 of 2nd period - Shot by Brooks Laich.
3:21 of 2nd period - Stopped by Tuukka Rask without a rebound.
3:22 of 2nd period - John Tavares wins face-off versus Nick Spaling in Bruins zone.
4:06 of 2nd period - Shot by John Tavares.
4:06 of 2nd period - Stopped by Jonathan Boutin without a rebound.
4:07 of 2nd period - Ryan Johansen wins face-off versus Kyle Turris in Ducks zone.
4:21 of 2nd period - Charles Linglet is hit by Kyle Turris and loses puck.
4:38 of 2nd period - Shot by Ryan Johansen.
4:38 of 2nd period - Stopped by Tuukka Rask with a rebound.
5:14 of 2nd period - Icing by Ryan Johansen.
5:15 of 2nd period - Ryan Johansen wins face-off versus John Tavares in Ducks zone.
5:26 of 2nd period - Shot by John Tavares.
5:26 of 2nd period - Stopped by Jonathan Boutin without a rebound.
5:27 of 2nd period - Mike Richards wins face-off versus Filip Forsberg in Ducks zone.
5:47 of 2nd period - Shot by Rickard Rakell.
5:47 of 2nd period - Stopped by Jonathan Boutin without a rebound.
5:48 of 2nd period - Petteri Wirtanen wins face-off versus John Tavares in Ducks zone.
6:18 of 2nd period - Brent Burns is hit by Ryane Clowe and loses puck.
6:24 of 2nd period - Ryane Clowe is hit by Tyler Seguin and loses puck.
6:53 of 2nd period - Shot by Jiri Hudler.
6:53 of 2nd period - Shot Misses the Net.
6:55 of 2nd period - Shot by Mike Richards.
6:55 of 2nd period - Shot Misses the Net.
6:58 of 2nd period - Jiri Hudler is hit by Dion Phaneuf and loses puck.
7:13 of 2nd period - Shot by Jiri Hudler.
7:13 of 2nd period - Shot Blocked by Dion Phaneuf.
7:15 of 2nd period - Shot by Mike Richards.
7:15 of 2nd period - Shot Misses the Net.
7:17 of 2nd period - Shot by Mike Richards.
7:17 of 2nd period - Shot Misses the Net.
7:22 of 2nd period - Brooks Laich is hit by Dion Phaneuf and loses puck.
8:04 of 2nd period - Shot by Ryan Johansen.
8:04 of 2nd period - Shot Misses the Net.
8:08 of 2nd period - Shot by Charles Linglet.
8:08 of 2nd period - Shot Blocked by Cody Franson.
8:10 of 2nd period - Shot by Ryan Johansen.
8:10 of 2nd period - Goal by Ryan Johansen - Bruins : 0 - Ducks : 1.
8:11 of 2nd period - Petteri Wirtanen wins face-off versus Filip Forsberg in neutral zone.
8:54 of 2nd period - Shot by Rickard Rakell.
8:54 of 2nd period - Stopped by Jonathan Boutin without a rebound.
8:55 of 2nd period - Kyle Turris wins face-off versus Mike Richards in Ducks zone.
9:14 of 2nd period - Shot by Jiri Hudler.
9:14 of 2nd period - Stopped by Tuukka Rask without a rebound.
9:15 of 2nd period - Charlie Coyle wins face-off versus Ryan Johansen in Bruins zone.
9:15 of 2nd period - Ryan McDonagh is hit by Adam Taylor and loses puck.
9:47 of 2nd period - Jeff Tambellini is hit by Christopher Tanev and loses puck.
10:12 of 2nd period - Shot by Phil Kessel.
10:12 of 2nd period - Stopped by Jonathan Boutin without a rebound.
10:13 of 2nd period - Mike Richards wins face-off versus John Tavares in Ducks zone.
10:26 of 2nd period - Shot by Brad Marchand.
10:26 of 2nd period - Shot Blocked by Justin Braun.
10:48 of 2nd period - Shot by Tyler Seguin.
10:48 of 2nd period - Deflect By John Tavares.
10:48 of 2nd period - Shot Blocked by Dan Girardi.
11:01 of 2nd period - Icing by Dan Girardi.
11:02 of 2nd period - Mike Richards wins face-off versus Kyle Turris in Ducks zone.
11:17 of 2nd period - Shot by Ryane Clowe.
11:17 of 2nd period - Deflect By Petteri Wirtanen.
11:17 of 2nd period - Shot Misses the Net.
12:20 of 2nd period - Shot by Ryan Johansen.
12:20 of 2nd period - Shot Misses the Net.
12:22 of 2nd period - Shot by Christopher Tanev.
12:22 of 2nd period - Stopped by Tuukka Rask without a rebound.
12:23 of 2nd period - Tyler Seguin wins face-off versus Nick Spaling in Bruins zone.
12:23 of 2nd period - Tyler Seguin is hit by Nick Spaling.
12:26 of 2nd period - Dion Phaneuf is hit by Nick Spaling and loses puck.
13:37 of 2nd period - Icing by Mike Richards.
13:38 of 2nd period - Mike Richards wins face-off versus Filip Forsberg in Ducks zone.
13:54 of 2nd period - Shot by Rickard Rakell.
13:54 of 2nd period - Stopped by Jonathan Boutin without a rebound.
13:55 of 2nd period - Ryan Johansen wins face-off versus Kyle Turris in Ducks zone.
13:55 of 2nd period - Ryan Johansen is hit by Scott Gomez.
14:34 of 2nd period - Scott Gomez is hit by Adam Taylor and loses puck.
14:40 of 2nd period - Ryan Johansen is hit by Cody Franson and loses puck.
14:50 of 2nd period - Minor Penalty to Petteri Wirtanen for Goalie Interference.
14:51 of 2nd period - John Tavares wins face-off versus Jiri Hudler in Ducks zone.
14:52 of 2nd period - Shot by Alex Goligoski.
14:52 of 2nd period - Stopped by Jonathan Boutin with a rebound.
15:04 of 2nd period - Dan Girardi is hit by Brad Marchand and loses puck.
15:52 of 2nd period - Shot by Scott Gomez.
15:52 of 2nd period - Shot Misses the Net.
15:54 of 2nd period - Shot by Brent Burns.
15:54 of 2nd period - Shot Blocked by Justin Braun.
16:57 of 2nd period - Shot by Marcus Johansson.
16:57 of 2nd period - Shot Misses the Net.
16:59 of 2nd period - Shot by Ryane Clowe.
16:59 of 2nd period - Shot Misses the Net.
17:01 of 2nd period - Shot by Petteri Wirtanen.
17:01 of 2nd period - Deflect By Marcus Johansson.
17:01 of 2nd period - Shot Blocked by Dion Phaneuf.
17:03 of 2nd period - Shot by Petteri Wirtanen.
17:03 of 2nd period - Stopped by Tuukka Rask without a rebound.
17:04 of 2nd period - Petteri Wirtanen wins face-off versus Rickard Rakell in Bruins zone.
17:33 of 2nd period - Shot by Filip Forsberg.
17:33 of 2nd period - Shot Misses the Net.
17:44 of 2nd period - Icing by Alexandre R. Picard.
17:45 of 2nd period - Petteri Wirtanen wins face-off versus Charlie Coyle in Ducks zone.
17:45 of 2nd period - Petteri Wirtanen is hit by Charlie Coyle.
17:50 of 2nd period - Craig Weller is hit by Ryan McDonagh.
18:22 of 2nd period - Shot by Charlie Coyle.
18:22 of 2nd period - Shot Misses the Net.
18:35 of 2nd period - Adam Taylor is hit by Ryan McDonagh and loses puck.
19:10 of 2nd period - Shot by Scott Gomez.
19:10 of 2nd period - Shot Blocked by Christopher Tanev.
19:12 of 2nd period - Shot by Dmitri Kalinin.
19:12 of 2nd period - Goal by Dmitri Kalinin - Bruins : 1 - Ducks : 1.
19:13 of 2nd period - Mike Richards wins face-off versus John Tavares in neutral zone.
19:18 of 2nd period - Shot by Brooks Laich.
19:18 of 2nd period - Shot Blocked by Dmitri Kalinin.
19:19 of 2nd period - Minor Penalty to Brooks Laich for Hooking.
19:20 of 2nd period - Nick Spaling wins face-off versus Kyle Turris in Ducks zone.
19:51 of 2nd period - Shot by Jiri Hudler.
19:51 of 2nd period - Shot Blocked by Cody Franson.
Goals for this period are 1 for Bruins vs 1 for Ducks.
Shots for this period are 10 for Bruins vs 7 for Ducks.

3rd period


0:01 of 3rd period - Kyle Turris wins face-off versus Jiri Hudler in neutral zone.
0:04 of 3rd period - Christopher Tanev is hit by Dale Weise and loses puck.
0:53 of 3rd period - Shot by Charles Linglet.
0:53 of 3rd period - Deflect By Ryane Clowe.
0:53 of 3rd period - Stopped by Tuukka Rask without a rebound.
0:54 of 3rd period - John Tavares wins face-off versus Jiri Hudler in Bruins zone.
0:54 of 3rd period - John Tavares is hit by Nick Spaling.
1:08 of 3rd period - Shot by Brad Marchand.
1:08 of 3rd period - Shot Blocked by Raphael Diaz.
1:10 of 3rd period - Shot by Ryan McDonagh.
1:10 of 3rd period - Shot Blocked by Raphael Diaz.
1:12 of 3rd period - Shot by John Tavares.
1:12 of 3rd period - Stopped by Jonathan Boutin without a rebound.
1:13 of 3rd period - John Tavares wins face-off versus Charles Linglet in Ducks zone.
1:14 of 3rd period - Shot by Phil Kessel.
1:14 of 3rd period - Shot Misses the Net.
1:16 of 3rd period - Shot by Phil Kessel.
1:16 of 3rd period - Shot Hit the Post.
1:18 of 3rd period - Shot by Phil Kessel.
1:18 of 3rd period - Shot Misses the Net.
1:20 of 3rd period - Shot by Charlie Coyle.
1:20 of 3rd period - Stopped by Jonathan Boutin with a rebound.
1:22 of 3rd period - Shot by Brent Burns.
1:22 of 3rd period - Stopped by Jonathan Boutin with a rebound.
1:28 of 3rd period - Shot by Dion Phaneuf.
1:28 of 3rd period - Stopped by Jonathan Boutin without a rebound.
1:29 of 3rd period - Petteri Wirtanen wins face-off versus Tyler Seguin in Ducks zone.
1:52 of 3rd period - Shot by John Tavares.
1:52 of 3rd period - Shot Misses the Net.
2:03 of 3rd period - Shot by Petteri Wirtanen.
2:03 of 3rd period - Stopped by Tuukka Rask without a rebound.
2:03 of 3rd period - Minor Penalty to Tuukka Rask for Slashing.
2:04 of 3rd period - Brad Marchand wins face-off versus Mike Richards in Bruins zone.
2:09 of 3rd period - Shot by Alexandre R. Picard.
2:09 of 3rd period - Stopped by Tuukka Rask without a rebound.
2:10 of 3rd period - Mike Richards wins face-off versus Brad Marchand in Bruins zone.
2:17 of 3rd period - Shot by Mike Richards.
2:17 of 3rd period - Shot Blocked by Alex Goligoski.
2:19 of 3rd period - Shot by Craig Weller.
2:19 of 3rd period - Shot Misses the Net.
2:32 of 3rd period - Icing by Mike Richards.
2:33 of 3rd period - Brad Marchand wins face-off versus Mike Richards in Ducks zone.
2:50 of 3rd period - Shot by Mike Richards.
2:50 of 3rd period - Shot Misses the Net.
2:52 of 3rd period - Shot by Alexandre R. Picard.
2:52 of 3rd period - Stopped by Tuukka Rask without a rebound.
2:53 of 3rd period - Brad Marchand wins face-off versus Petteri Wirtanen in Bruins zone.
3:17 of 3rd period - Shot by Petteri Wirtanen.
3:17 of 3rd period - Shot Misses the Net.
3:19 of 3rd period - Shot by Marcus Johansson.
3:19 of 3rd period - Shot Misses the Net.
3:21 of 3rd period - Shot by Justin Braun.
3:21 of 3rd period - Shot Blocked by Scott Gomez.
4:40 of 3rd period - Nick Spaling is hit by Ryan O'Marra and loses puck.
5:13 of 3rd period - Tyler Seguin is hit by Craig Weller and loses puck.
5:26 of 3rd period - Shot by Tyler Seguin.
5:26 of 3rd period - Shot Blocked by Craig Weller.
5:28 of 3rd period - Shot by Dion Phaneuf.
5:28 of 3rd period - Stopped by Jonathan Boutin without a rebound.
5:29 of 3rd period - Ryan Johansen wins face-off versus Kyle Turris in Ducks zone.
5:29 of 3rd period - Ryan Johansen is hit by Cody Franson.
5:49 of 3rd period - Shot by Scott Gomez.
5:49 of 3rd period - Stopped by Jonathan Boutin without a rebound.
5:50 of 3rd period - Petteri Wirtanen wins face-off versus Filip Forsberg in Ducks zone.
5:50 of 3rd period - Petteri Wirtanen is hit by Dale Weise.
6:17 of 3rd period - Filip Forsberg is hit by Craig Weller and loses puck.
6:23 of 3rd period - Shot by Dale Weise.
6:23 of 3rd period - Shot Misses the Net.
6:40 of 3rd period - Icing by Craig Weller.
6:41 of 3rd period - Petteri Wirtanen wins face-off versus Phil Kessel in Ducks zone.
6:41 of 3rd period - Marcus Johansson is hit by Dion Phaneuf and loses puck.
6:51 of 3rd period - Scott Gomez is hit by Craig Weller.
6:59 of 3rd period - Shot by Phil Kessel.
6:59 of 3rd period - Goal by Phil Kessel - Bruins : 2 - Ducks : 1.
7:00 of 3rd period - Jiri Hudler wins face-off versus John Tavares in neutral zone.
7:21 of 3rd period - Shot by Tyler Seguin.
7:21 of 3rd period - Shot Blocked by Christopher Tanev.
7:27 of 3rd period - Shot by Brad Marchand.
7:27 of 3rd period - Stopped by Jonathan Boutin without a rebound.
7:28 of 3rd period - Kyle Turris wins face-off versus Ryan Johansen in Ducks zone.
8:38 of 3rd period - Shot by Christopher Tanev.
8:38 of 3rd period - Shot Blocked by Cody Franson.
9:00 of 3rd period - Shot by Jiri Hudler.
9:00 of 3rd period - Goal by Jiri Hudler - Bruins : 2 - Ducks : 2.
9:01 of 3rd period - Filip Forsberg wins face-off versus Ryane Clowe in neutral zone.
9:06 of 3rd period - Icing by Alexandre R. Picard.
9:07 of 3rd period - Petteri Wirtanen wins face-off versus Filip Forsberg in Ducks zone.
9:17 of 3rd period - Shot by Petteri Wirtanen.
9:17 of 3rd period - Stopped by Tuukka Rask with a rebound.
9:19 of 3rd period - Shot by Alexandre R. Picard.
9:19 of 3rd period - Stopped by Tuukka Rask without a rebound.
9:20 of 3rd period - Kyle Turris wins face-off versus Mike Richards in Bruins zone.
9:20 of 3rd period - Kyle Turris is hit by Mike Richards.
9:27 of 3rd period - Icing by Dion Phaneuf.
9:28 of 3rd period - Scott Gomez wins face-off versus Ryan Johansen in Bruins zone.
9:28 of 3rd period - Scott Gomez is hit by Adam Taylor.
9:31 of 3rd period - Icing by Brent Burns.
9:32 of 3rd period - Kyle Turris wins face-off versus Mike Richards in Bruins zone.
10:01 of 3rd period - Shot by Scott Gomez.
10:01 of 3rd period - Stopped by Jonathan Boutin with a rebound.
10:03 of 3rd period - Shot by Dion Phaneuf.
10:03 of 3rd period - Stopped by Jonathan Boutin without a rebound.
10:04 of 3rd period - John Tavares wins face-off versus Ryan Johansen in Ducks zone.
10:14 of 3rd period - Tyler Seguin is hit by Dan Girardi and loses puck.
10:20 of 3rd period - Dan Girardi is hit by Brad Marchand and loses puck.
11:39 of 3rd period - Scott Gomez is hit by Christopher Tanev and loses puck.
11:52 of 3rd period - Shot by Phil Kessel.
11:52 of 3rd period - Shot Hit the Post.
11:54 of 3rd period - Shot by Brent Burns.
11:54 of 3rd period - Stopped by Jonathan Boutin without a rebound.
11:55 of 3rd period - Filip Forsberg wins face-off versus Mike Richards in Ducks zone.
12:06 of 3rd period - Shot by Mike Richards.
12:06 of 3rd period - Shot Misses the Net.
12:08 of 3rd period - Shot by Brooks Laich.
12:08 of 3rd period - Goal by Brooks Laich - Bruins : 2 - Ducks : 3.
12:09 of 3rd period - Charlie Coyle wins face-off versus Nicklas Bergfors in neutral zone.
12:09 of 3rd period - Charlie Coyle is hit by Nick Spaling.
12:23 of 3rd period - Shot by Charlie Coyle.
12:23 of 3rd period - Stopped by Jonathan Boutin with a rebound.
12:44 of 3rd period - Charlie Coyle is hit by Justin Braun and loses puck.
14:26 of 3rd period - Shot by Mike Richards.
14:26 of 3rd period - Stopped by Tuukka Rask without a rebound.
14:27 of 3rd period - Charles Linglet wins face-off versus Filip Forsberg in Bruins zone.
14:39 of 3rd period - Dale Weise is hit by Craig Weller.
14:55 of 3rd period - Shot by Charles Linglet.
14:55 of 3rd period - Shot Misses the Net.
15:07 of 3rd period - Shot by Ryan Johansen.
15:07 of 3rd period - Stopped by Tuukka Rask without a rebound.
15:08 of 3rd period - Mike Richards wins face-off versus John Tavares in Bruins zone.
15:09 of 3rd period - Shot by Jiri Hudler.
15:09 of 3rd period - Stopped by Tuukka Rask with a rebound.
15:11 of 3rd period - Shot by Mike Richards.
15:11 of 3rd period - Shot Misses the Net.
15:46 of 3rd period - Off-side.
15:47 of 3rd period - Petteri Wirtanen wins face-off versus Kyle Turris in neutral zone.
15:47 of 3rd period - Petteri Wirtanen is hit by Kyle Turris.
15:56 of 3rd period - Icing by Scott Gomez.
15:57 of 3rd period - Ryan Johansen wins face-off versus Kyle Turris in Bruins zone.
15:57 of 3rd period - Adam Taylor is hit by Cody Franson and loses puck.
16:24 of 3rd period - Shot by Kyle Turris.
16:24 of 3rd period - Shot Misses the Net.
16:28 of 3rd period - Shot by Phil Kessel.
16:28 of 3rd period - Goal by Phil Kessel - Bruins : 3 - Ducks : 3.
16:29 of 3rd period - John Tavares wins face-off versus Mike Richards in neutral zone.
16:40 of 3rd period - Shot by Tyler Seguin.
16:40 of 3rd period - Shot Misses the Net.
16:52 of 3rd period - Shot by Brad Marchand.
16:52 of 3rd period - Shot Misses the Net.
17:02 of 3rd period - Shot by Tyler Seguin.
17:02 of 3rd period - Deflect By Brad Marchand.
17:02 of 3rd period - Goal by Brad Marchand - Bruins : 4 - Ducks : 3.
17:03 of 3rd period - Kyle Turris wins face-off versus Charles Linglet in neutral zone.
17:10 of 3rd period - Shot by Scott Gomez.
17:10 of 3rd period - Stopped by Jonathan Boutin without a rebound.
17:11 of 3rd period - Ryan Johansen wins face-off versus Kyle Turris in Ducks zone.
17:18 of 3rd period - Shot by Justin Braun.
17:18 of 3rd period - Shot Misses the Net.
17:20 of 3rd period - Shot by Adam Taylor.
17:20 of 3rd period - Goal by Adam Taylor - Bruins : 4 - Ducks : 4.
17:21 of 3rd period - Ryan Johansen wins face-off versus John Tavares in neutral zone.
17:21 of 3rd period - Ryan Johansen is hit by Dion Phaneuf.
17:27 of 3rd period - Shot by Tyler Seguin.
17:27 of 3rd period - Stopped by Jonathan Boutin with a rebound.
17:42 of 3rd period - Shot by Brad Marchand.
17:42 of 3rd period - Shot Misses the Net.
17:44 of 3rd period - Shot by Brent Burns.
17:44 of 3rd period - Stopped by Jonathan Boutin without a rebound.
17:45 of 3rd period - Kyle Turris wins face-off versus Mike Richards in Ducks zone.
18:23 of 3rd period - Shot by Phil Kessel.
18:23 of 3rd period - Shot Misses the Net.
19:21 of 3rd period - Shot by Brad Marchand.
19:21 of 3rd period - Stopped by Jonathan Boutin without a rebound.
19:22 of 3rd period - Marcus Johansson wins face-off versus Filip Forsberg in Ducks zone.
19:22 of 3rd period - Marcus Johansson is hit by Dale Weise.
19:25 of 3rd period - Icing by Petteri Wirtanen.
19:26 of 3rd period - Rickard Rakell wins face-off versus Marcus Johansson in Ducks zone.
19:31 of 3rd period - Shot by Alex Goligoski.
19:31 of 3rd period - Stopped by Jonathan Boutin without a rebound.
19:32 of 3rd period - Ryan Johansen wins face-off versus Kyle Turris in Ducks zone.
19:37 of 3rd period - Kyle Turris is hit by Charles Linglet and loses puck.
19:50 of 3rd period - Shot by Charles Linglet.
19:50 of 3rd period - Shot Misses the Net.
19:52 of 3rd period - Shot by Christopher Tanev.
19:52 of 3rd period - Stopped by Tuukka Rask without a rebound.
19:53 of 3rd period - Petteri Wirtanen wins face-off versus John Tavares in Bruins zone.
19:53 of 3rd period - Ryane Clowe is hit by Dion Phaneuf and loses puck.
Goals for this period are 3 for Bruins vs 3 for Ducks.
Shots for this period are 19 for Bruins vs 13 for Ducks.

Overtime #1


0:01 of 1st overtime period - Scott Gomez wins face-off versus Ryan Johansen in neutral zone.
0:10 of 1st overtime period - Shot by Scott Gomez.
0:10 of 1st overtime period - Stopped by Jonathan Boutin without a rebound.
0:11 of 1st overtime period - Kyle Turris wins face-off versus Mike Richards in Ducks zone.
0:14 of 1st overtime period - Shot by Brent Burns.
0:14 of 1st overtime period - Stopped by Jonathan Boutin with a rebound.
0:16 of 1st overtime period - Shot by Brent Burns.
0:16 of 1st overtime period - Stopped by Jonathan Boutin without a rebound.
0:17 of 1st overtime period - Scott Gomez wins face-off versus Mike Richards in Ducks zone.
0:30 of 1st overtime period - Shot by Nick Spaling.
0:30 of 1st overtime period - Shot Misses the Net.
0:48 of 1st overtime period - Shot by Mike Richards.
0:48 of 1st overtime period - Stopped by Tuukka Rask without a rebound.
0:49 of 1st overtime period - Kyle Turris wins face-off versus Ryan Johansen in Bruins zone.
1:20 of 1st overtime period - Shot by Ryan Johansen.
1:20 of 1st overtime period - Goal by Ryan Johansen - Bruins : 4 - Ducks : 5.
Goals for this period are 0 for Bruins vs 1 for Ducks.
Shots for this period are 3 for Bruins vs 2 for Ducks.